 Dungeon Crawl Stone Soup version 0.27-a0-1188-g73eefd5def (webtiles) character file.

Game seed: 5971910403380476252

564 DasRunzen the Slasher (level 6, 0/52 HPs)
             Began as a Demigod Gladiator on May 21, 2021.
             Slain by an orc warrior
             ... wielding a +0 scimitar
              (15 damage)
             ... on level 4 of the Dungeon.
             The game lasted 00:06:58 (4983 turns).

DasRunzen the Slasher (Demigod Gladiator)           Turns: 4983, Time: 00:06:58

Health: 0/52       AC:  5    Str: 19    XL:     6   Next: 84%
Magic:  12/12      EV: 13    Int: 14    God:
Gold:   141        SH:  0    Dex: 15    Spells: 9/9 levels left

rFire    . . .     SeeInvis .   a - +2 long sword
rCold    . . .     Faith    .   (no shield)
rNeg     . . .     Spirit   .   b - +0 leather armour
rPois    .         Reflect  .   c - +0 helmet
rElec    .         Harm     .   (no cloak)
rCorr    .         Rampage  .   e - +0 pair of gloves
Will     .....                  (no boots)
Stlth    +.........             (no amulet)
HPRegen  0.17/turn              (no ring)
MPRegen  0.13/turn              (no ring)

@: no status effects
A: high mp 1, forlorn
a: no special abilities


You were on level 4 of the Dungeon.
You visited 1 branch of the dungeon, and saw 4 of its levels.
You also visited: Ossuary.

You collected 141 gold pieces.

Inventory:

Hand Weapons
 a - a +2 long sword (weapon)
Missiles
 d - 3 throwing nets (quivered)
Armour
 b - a +0 leather armour (worn)
 c - a +0 helmet (worn)
 e - a +0 pair of gloves (worn)
Jewellery
 p - a ring of protection from cold
Wands
 h - a wand of polymorph (3)
 q - a wand of iceblast (10)
Scrolls
 g - 3 scrolls of teleportation
 r - 4 scrolls of noise {unknown}
 u - a scroll of brand weapon {unknown}
 w - a scroll of fog {unknown}
Potions
 f - a potion of resistance
 i - 6 potions of heal wounds
 j - a potion of attraction
 k - a potion of cancellation
 l - 4 potions of flight {unknown}
 m - a potion of brilliance {unknown}
 n - 3 potions of berserk rage {unknown}
 o - 3 potions of curing {unknown}
 t - a potion of magic {unknown}


   Skills:
 * Level 4.0 Fighting
 * Level 4.5 Long Blades
 - Level 1.7 Throwing
 + Level 2.2 Armour
 + Level 3.7 Dodging
 + Level 2.1 Spellcasting


You had 9 spell levels left.
You didn't know any spells.
Your spell library was empty.

Dungeon Overview and Level Annotations

Branches:
Dungeon (4/15)            Ossuary (visited)
 Temple: D:4-7

Shops:
D:4 [?


Innate Abilities, Weirdness & Mutations

Your attributes grow dramatically as you level up.
You have an increased reservoir of magic. (+10% MP)
You shall have no god before yourself.


Message History

You closely miss the orc wizard.
The orc wizard is almost dead.
You hear some strange, mumbled words.
A magic dart appears from out of thin air!
The magic dart hits you!
* * * LOW HITPOINT WARNING * * *
You hear some strange, mumbled words.
A magic dart appears from out of thin air!
The magic dart hits you!
* * * LOW HITPOINT WARNING * * *
The orc warrior splashes around in the water.
The orc wizard hits you with a +0 dagger.
* * * LOW HITPOINT WARNING * * *
Something hits you but does no damage. x2
You feel much better.
The orc warrior hits you with a +0 scimitar!
The orc wizard hits you with a +0 dagger.
Something barely misses you. Something hits you but does no damage.
You slash the orc wizard!
You kill the orc wizard!
The orc warrior completely misses you. Something hits you but does no damage.
Something hits you.
* * * LOW HITPOINT WARNING * * *
Hit: a) +2 long sword
Press: ? - help, Dir - move target, f - orc warrior
Aim: an orc warrior, wielding a +0 scimitar and wearing a +0 chain mail (about 39% to evade your +2 long sword)
Okay, then.
Something hits you.
* * * LOW HITPOINT WARNING * * *
Something hits you but does no damage.
An orc wizard appears from thin air!
Reactivating autopickup.
The orc wizard gestures at itself while chanting.
The orc wizard flickers and vanishes!
Deactivating autopickup; reactivate with Ctrl-A.
There is a stone staircase leading down here.
You see here a hobgoblin corpse.
You see here a hobgoblin corpse.
The orc warrior hits you with a +0 scimitar!
You die...

#..#...#...# #.#........# #.#.
#..#####.†.# #.#.###.#######...
##..........#
#.#.#........<#...
......##.#.###.#.#.#.#######...
(.... #.#..#....#.#.......#.#.
.... ..##.#....# #.......#...
.....#####.#....# #.......###.
..............#.# #.......###.
#........@#.# #...........
#........o#.# #...........
#.........#.# #...........
#.........#.# #.......###.
#######.#†#.# #.......# #.
#.#†#.# #.#.###.###♣ ###...#.#
#.#.# #...♣≈ #.....#.#
#.#.#####≈P≈ #....>#.# .
#.....♣≈≈≈


You could see an orc warrior.

Vanquished Creatures
  A wraith (Ossuary)
  A scorpion (D:4)
  An orc priest (D:3)
  A hound (D:4)
  2 orc wizards
  Terence (D:2)
  A mummy (Ossuary)
  Robin (D:2)
  2 adders
  4 gnolls (D:2)
  A howler monkey skeleton (D:4)
  A dart slug (D:2)
  9 orcs
  5 endoplasms
  5 giant cockroaches
  17 goblins
  10 hobgoblins
  7 jackals
  5 quokkas
  6 ball pythons
  5 bats
  2 frilled lizards (D:1)
  5 gnoll skeletons (Ossuary)
  8 kobolds
  5 kobold skeletons (Ossuary)
  15 orc skeletons (Ossuary)
  5 rats
126 creatures vanquished.

Notes
Turn   | Place    | Note
-------+----------+-------------------------------------------
     0 | D:1      | DasRunzen the Demigod Gladiator began the quest for the
                  | Orb.
     0 | D:1      | Reached XP level 1. HP: 17/17 MP: 3/3
   333 | D:1      | Reached XP level 2. HP: 17/24 MP: 4/4
  1148 | D:1      | Reached XP level 3. HP: 30/30 MP: 4/6
  1579 | D:2      | Reached skill level 1 in Armour
  1721 | D:2      | Noticed Robin
  1886 | D:2      | Reached skill level 1 in Spellcasting
  2085 | D:2      | Reached XP level 4. HP: 25/37 MP: 6/8
  3363 | D:2      | Noticed Terence
  3371 | D:2      | Killed Terence
  3372 | D:2      | Reached XP level 5. HP: 41/45 MP: 9/9
  3744 | D:2      | Killed Robin
  4040 | D:4      | Found Yxepry's Magic Scroll Emporium.
  4065 | D:4      | Found Utugamou's Armour Emporium.
  4119 | D:4      | Found a sand-covered staircase.
  4149 | Ossuary  | Entered an ossuary
  4149 | Ossuary  | Noticed a wraith
  4149 | Ossuary  | Noticed a wraith
  4149 | Ossuary  | Noticed a wraith
  4205 | Ossuary  | Noticed a wraith
  4225 | Ossuary  | Killed a wraith
  4226 | Ossuary  | Reached XP level 6. HP: 37/52 MP: 11/11
  4956 | D:4      | HP: 2/52 [something/magic dart (7)]
  4983 | D:4      | Slain by an orc warrior

Illustrated notes

Levels and vault maps discovered:
D:1:      nagdon_arrival_double_spiral, layout_loops_ring,
          basic_ecumenical_altar, minmay_domino_4
D:2:      layout_basic, minivault_11, uniq_terence, uniq_robin
D:3:      layout_basic
D:4:      layout_basic, serial_shops, shop, shop_scrolls, enter_ossuary_2,
          hangedman_abyss_or_decor_passed, serial_bayou_lagoon_b

Skill      XL: |  1  2  3  4  5  6 |
---------------+-------------------+-----
Fighting       | 2 3 4 |  4.0
Long Blades    | 3 4 |  4.5
Armour         | 1 2 |  2.2
Spellcasting   | 1 2 |  2.1
Dodging        | 3 |  3.7
Throwing       | |  1.7

Action                   |  1- 3 |  4- 6 || total
-------------------------+-------+-------++-------
Melee: Long sword        |   126 |   202 ||   328
  Use: Scroll            |     3 |     5 ||     8
       Potion            |       |     1 ||     1
 Stab: Sleeping          |     1 |     1 ||     2
       Distracted        |     1 |       ||     1
Armor: Leather armour    |    60 |    68 ||   128
Dodge: Dodged            |   104 |   140 ||   244
       Rpst.: Long sword |    35 |    48 ||    83

Table legend: (Time is in decaauts)
 A = Elapsed time spent in this place.
 B = Non-inter-level travel time spent in this place.
 C = Inter-level travel time spent in this place.
 D = Time resting spent in this place.
 E = Time spent auto-exploring this place.
 F = Levels seen in this place.
 G = Mean time per level.
                   A        B        C        D        E       F      G
               +--------+--------+--------+--------+--------+-----+--------+
         Total |   5103 |   4983 |    120 |   1083 |   3017 |   5 | 1020.6 |
       Dungeon |   4765 |   4645 |    120 |   1083 |   2797 |   4 | 1191.2 |
       Ossuary |    337 |    337 |      0 |      0 |    220 |   1 |  337.0 |
               +--------+--------+--------+--------+--------+-----+--------+

Top non-repeatable levels by time:
     D:3: 1516 daAuts
     D:2: 1404 daAuts
     D:1: 1207 daAuts
     D:4: 637 daAuts
 Ossuary: 337 daAuts
